 Dungeon Crawl Stone Soup version 0.29.1-15-g9cfb28693d (webtiles) character file.

Game seed: 4051972811077555049

149 jtron the Caller (level 5, -1/22 HPs)
             Began as a Felid Summoner on Feb 26, 2023.
             Succumbed to a water moccasin's poison
             ... on level 6 of the Dungeon.
             The game lasted 00:18:25 (4615 turns).

jtron the Caller (Felid Summoner)                   Turns: 4615, Time: 00:18:26

Health: -1/22      AC:  5    Str:  4    XL:     5   Next: 9%
Magic:  3/11       EV: 18    Int: 18    God:
Gold:   211        SH:  0    Dex: 17    Spells: 5/11 levels left
                                        Lives:  0   Deaths: 1

rFire   . . .      SeeInvis +     - Unarmed
rCold   . . .      Faith    .   (shield unavailable)
rNeg    . . .      Spirit   .   (body armour unavailable)
rPois   .          Reflect  .   (helmet unavailable)
rElec   .          Harm     .   (cloak unavailable)
rCorr   .          Rampage  .   (gloves unavailable)
Will    +....                   (boots unavailable)
Stlth   +++.......              (no amulet)
HPRegen 0.07/turn               e - ring of willpower
MPRegen 0.12/turn               o - +4 ring of protection

@: lethally poisoned (-1 -> -24), quick
A: very small, claws 1, fangs 3, see invisible, speed 1, shaggy fur 1, stealthy
paws, no weapons or thrown items, no armour, multi-lived
a: no special abilities


You were on level 6 of the Dungeon.
You visited 1 branch of the dungeon, and saw 6 of its levels.

You collected 211 gold pieces.

Inventory:

Jewellery
 e - a ring of willpower (left paw)
 o - a +4 ring of protection (right paw)
Wands
 a - a wand of quicksilver (4)
 m - a wand of polymorph (8)
Scrolls
 d - a scroll of summoning {unknown}
 g - a scroll of immolation {unknown}
 h - 2 scrolls of blinking {unknown}
 k - a scroll of identify
Potions
 c - 2 potions of resistance
 f - a potion of curing {unknown}
 i - a potion of degeneration {unknown}
 j - a potion of heal wounds {unknown}
 l - a potion of might {unknown}


   Skills:
 * Level 1.9 Fighting
 + Level 3.0 Dodging
 + Level 3.7 Stealth
 + Level 1.5 Unarmed Combat
 + Level 3.5 Spellcasting
 * Level 5.3 Summonings


You had 5 spell levels left.
You knew the following spells:

 Your Spells              Type           Power      Damage    Failure   Level
a - Summon Small Mammal   Summ           88%        N/A       1%          1
b - Call Imp              Summ           22%        N/A       2%          2
c - Call Canine Familiar  Summ           22%        N/A       5%          3

Your spell library contained the following spells:

 Spells                   Type           Power      Damage    Failure   Level
 Summon Guardian Golem    Hex/Summ       12%        N/A       16%         3
 Gell's Gravitas          Tloc           3%         N/A       43%         3
 Teleport Other           Tloc           3%         N/A       43%         3
 Summon Lightning Spire   Summ/Air       12%        N/A       45%         4
 Dispersal                Tloc           1%         N/A       100%        6


Dungeon Overview and Level Annotations

Branches:
Dungeon (7/15)
 Temple: D:4-7

Altars:
Kikubaaqudgha

Shops:
D:1 (


Innate Abilities, Weirdness & Mutations

You have sharp claws.
You have razor-sharp teeth.
You have supernaturally acute eyesight. (SInv)
You cover ground quickly. (Speed+)
You are covered in fur. (AC +1)
Your paws help you pounce on unaware monsters.
You are incapable of wielding weapons or throwing items.
You cannot wear armour.
You gain extra lives every three experience levels.


Message History

Your hound dies!
Your hound's corpse disappears in a puff of smoke!
You see here 8 stones.
Casting: Call Canine Familiar (quite dangerous; 5% risk of failure)
Confirm with . or Enter, or press ? or * to list all spells.
The water moccasin misses your quokka. The water moccasin bites your quokka.
Your quokka dies!
Your quokka's corpse disappears in a puff of smoke!
Casting: Summon Small Mammal (safe; 1% risk of failure)
Confirm with . or Enter, or press ? or * to list all spells.
You swap places.
Your bat closely misses the water moccasin.
The water moccasin barely misses your bat.
Your bat hits the water moccasin but does no damage.
The water moccasin bites your bat!
Your bat dies!
Your bat's corpse disappears in a puff of smoke!
There is a stone staircase leading down here.
The water moccasin bites you.
You climb downwards.
There is a stone staircase leading up here.
The water moccasin bites you but does no damage.
You climb upwards.
There is a stone staircase leading down here.
You closely miss the water moccasin.
The water moccasin is heavily wounded.
The water moccasin bites you.
You are lethally poisoned!
The water moccasin poisons you! The water moccasin bites you.
You are more poisoned.
The water moccasin poisons you!
You miss the water moccasin.
The water moccasin is heavily wounded.
* * * LOW HITPOINT WARNING * * *
You feel extremely sick.
The water moccasin bites you but does no damage.
You miss the water moccasin.
The water moccasin is heavily wounded.
You die...

#..#.# #.^#.#
#..#.#########....
#.................
#.##...?......(..
#.##...........#
#.##.......!...# #
#.##...........#.#
#@S...............
#.####..........#
#.............#.#
.######.######.#.#
........# #.#.#
#######.# #.#.#
#######.######.#.#
........$......#.#
#######.########(#


You could see a water moccasin.

Vanquished Creatures
  An adder (D:3)
  2 worms
  3 ball pythons
  An endoplasm (D:1)
  4 goblins
  2 hobgoblins
  2 kobolds
  A quokka (D:1)
  4 bats
  2 frilled lizards
  6 rats
28 creatures vanquished.

Vanquished Creatures (collateral kills)
  A centaur (D:7)
  A jelly (D:6)
  Jessica (D:2)
  Robin (D:2)
  2 adders (D:3)
  2 worms (D:2)
  A dart slug (D:3)
  3 ball pythons
  3 bats
  2 endoplasms (D:1)
  2 giant cockroaches
  6 goblins
  5 hobgoblins
  8 jackals
  2 quokkas
  3 frilled lizards
  4 kobolds
  2 rats
49 creatures vanquished.

Vanquished Creatures (others)
  4 toadstools (D:1)
4 creatures vanquished.

Grand Total: 81 creatures vanquished

Notes
Turn   | Place    | Note
-------+----------+-------------------------------------------
     0 | D:1      | jtron the Felid Summoner began the quest for the Orb.
     0 | D:1      | Reached XP level 1. HP: 7/7 MP: 4/4
   265 | D:1      | Found Vimpi's Weapon Shoppe.
   432 | D:1      | Found a faded altar of an unknown god.
   510 | D:1      | Reached XP level 2. HP: 7/11 MP: 3/6
  1424 | D:1      | Learned a level 2 spell: Call Imp
  1439 | D:1      | Reached XP level 3. HP: 15/15 MP: 4/7
  2008 | D:2      | Found an ancient bone altar of Kikubaaqudgha.
  2013 | D:2      | Learned a level 3 spell: Call Canine Familiar
  2074 | D:2      | Noticed Jessica
  2081 | D:2      | Killed Jessica
  2082 | D:2      | Reached skill level 1 in Fighting
  2338 | D:2      | Reached XP level 4. HP: 14/19 MP: 4/8
  2488 | D:2      | Noticed Robin
  2494 | D:2      | Killed Robin
  2965 | D:3      | Reached skill level 1 in Unarmed Combat
  3379 | D:3      | Reached XP level 5. HP: 22/22 MP: 5/10
  3884 | D:4      | Reached skill level 5 in Summonings
  4214 | D:4      | You fall into a shaft and drop 3 floors!
  4219 | D:7      | Noticed a centaur
  4233 | D:7      | Killed a centaur
  4356 | D:7      | Noticed a centaur
  4365 | D:7      | Shot with an arrow by a centaur
  4366 | D:7      | Reached XP level 4. HP: -10/19 MP: 5/9
  4379 | D:6      | Noticed a water moccasin
  4418 | D:6      | Reached XP level 5. HP: 12/22 MP: 3/11
  4615 | D:6      | Succumbed to a water moccasin's poison

Illustrated notes

Levels and vault maps discovered:
D:1:      ldierk_walled_garden_2, layout_loops_ring, serial_shops,
          nicolae_shop_bloodbath_and_beyond, ebering_ecumenical_altar_mist
D:2:      layout_basic, basic_altar, minivault_19,
          chequers_serial_rivers_room_a, uniq_robin, uniq_jessica
D:3:      layout_basic
D:4:      layout_rooms
D:6:      layout_basic, trog_ov_bears_minmay, uniq_edmund
D:7:      layout_gridville, old_standard_altar, kennysheep_little_box,
          temple_green, uniq_duvessa

Skill      XL: |  1  2  3  4  5 |
---------------+----------------+-----
Stealth        | 3 |  3.7
Fighting       | 1 |  1.9
Unarmed Combat | 1 |  1.5
Dodging        | 3 |  3.0
Summonings     | 5 |  5.3
Spellcasting   | 3 |  3.5

Action                   |  1- 3 |  4- 6 || total
-------------------------+-------+-------++-------
Melee: Unarmed           |    49 |    35 ||    84
       Bite              |     1 |     5 ||     6
 Cast: Summon Small Mamm |    29 |    14 ||    43
       Call Imp          |     8 |     9 ||    17
       Call Canine Famil |     2 |    18 ||    20
  Use: Scroll            |     2 |     6 ||     8
       Potion            |       |     1 ||     1
 Stab: Sleeping          |     9 |     4 ||    13
Armor: Skin              |     6 |     6 ||    12
Dodge: Dodged            |    48 |    59 ||   107
